AoeStats
← Chaves

African Clearing

510793633Analyzed
3v3 RM · 17h ago on Oct 2, 2026· 78m 49s· 6 players
Game mode
Random Map
Map size
Normal (6 player)
Population
200
Speed
Normal
Resources
Standard
Victory
Conquest
Starting age
Dark Age
Ending age
Imperial Age
RankedLock teamsTeams togetherTeam positionsShared explorationLock speedFull tech treeHidden civsTurbo modeCheats
Victory
Defeat
🇨🇦 Cumans · Canada
1170
+17
🇧🇷 Wei · Brazil
1164
+17
🇺🇸 Romans · United States
1113
+19
🇬🇧 Gurjaras · United Kingdom
1230
-20
🇬🇧 Persians · United Kingdom
1218
-19
🇩🇪 Cumans · Germany
1097
-14
SneakySnakeFish
5:46 Loom
13:10 Feudal Age
14:23 Double-Bit Axe
15:28 Horse Collar
24:59 Castle Age
23:37 Scale Barding Armor
24:52 Gold Mining
26:40 Bow Saw
27:22 Husbandry
29:28 Wheelbarrow
28:55 Heavy Plow
29:27 Bloodlines
31:58 Hand Cart
32:32 Chain Barding Armor
33:50 Forging
35:21 Iron Casting
39:43 Imperial Age
38:45 Light Cavalry
40:47 Plate Barding Armor
40:22 Hussar
43:09 Kamandaran
43:01 Fletching
43:46 Ballistics
44:10 Bodkin Arrow
43:40 Crossbowman
45:40 Thumb Ring
45:37 Padded Archer Armor
46:37 Leather Archer Armor
46:04 Heavy Camel Rider
47:46 Blast Furnace
49:39 Chemistry
53:01 Two-Man Saw
56:10 Conscription
68:02 Ring Archer Armor
69:02 Caravan
SneakySnowFlake
3:42 Loom
12:48 Feudal Age
13:29 Double-Bit Axe
21:57 Castle Age
20:12 Scale Barding Armor
21:54 Bloodlines
22:04 Forging
26:49 Horse Collar
29:04 Chain Barding Armor
31:28 Bow Saw
39:02 Fletching
40:25 Heavy Plow
42:42 Wheelbarrow
44:05 Stone Mining
45:49 Iron Casting
45:40 Bodkin Arrow
46:44 Gold Mining
60:07 Imperial Age
63:59 Plate Barding Armor
64:25 Blast Furnace
64:10 Elite Steppe Lancer
67:50 Two-Man Saw
70:00 Hand Cart
69:44 Light Cavalry
74:19 Elite Skirmisher
75:05 Thumb Ring
75:02 Padded Archer Armor
77:28 Leather Archer Armor
SneakyShady
10:14 Loom
11:59 Feudal Age
16:43 Castle Age
16:01 Double-Bit Axe
16:44 Horse Collar
21:23 Wheelbarrow
20:41 Town Watch
21:39 Heavy Plow
23:28 Bow Saw
25:17 Fletching
27:13 Bodkin Arrow
30:55 Gold Mining
32:25 Scale Barding Armor
33:02 Husbandry
35:53 Imperial Age
36:03 Imperial Age
34:15 Bloodlines
35:34 Gold Shaft Mining
35:26 Chain Barding Armor
35:16 Forging
36:06 Heavy Camel Rider
37:25 Plate Barding Armor
37:54 Iron Casting
38:57 Crop Rotation
40:36 Bracer
42:26 Stone Mining
43:46 Frontier Guards
45:52 Conscription
45:40 Kshatriyas
55:43 Padded Archer Armor
61:46 Hand Cart
70:59 Scale Mail Armor
70:52 Elite Chakram Thrower
74:46 Chain Mail Armor
Nyniva
3:57 Loom
13:53 Feudal Age
14:34 Man-at-Arms
18:20 Wheelbarrow
18:04 Scale Mail Armor
18:16 Forging
19:05 Double-Bit Axe
31:46 Castle Age
31:56 Long Swordsman
31:59 Pikeman
32:41 Squires
33:04 Chain Mail Armor
33:26 Iron Casting
40:16 Hand Cart
41:30 Horse Collar
44:37 Imperial Age
44:04 Heavy Plow
44:39 Legionary
46:26 Blast Furnace
46:04 Halberdier
47:13 Bow Saw
47:36 Crop Rotation
57:59 Gold Mining
61:05 Stone Mining
63:37 Town Watch
65:10 Comitatenses
65:15 Conscription
66:50 Town Patrol
74:35 Fletching
Chaves
12:24 Loom
16:27 Feudal Age
16:54 Horse Collar
17:06 Double-Bit Axe
17:03 Fishing Lines
17:17 Gold Mining
17:33 Town Watch
18:23 Stone Mining
24:45 Wheelbarrow
29:18 Castle Age
27:30 Padded Archer Armor
27:22 Fletching
28:30 Bloodlines
30:07 Bodkin Arrow
30:28 Leather Archer Armor
33:31 Bow Saw
40:25 Imperial Age
40:30 Gillnets
40:23 Light Cavalry
44:54 Ballistics
45:37 Pikeman
46:18 Squires
47:33 Chemistry
49:08 Ring Archer Armor
48:39 Bracer
50:25 Parthian Tactics
50:58 Tuntian
51:08 Scale Barding Armor
50:28 Heavy Hei Guang Cavalry
52:35 Chain Barding Armor
54:56 Hoardings
55:02 Forging
56:29 Town Patrol
56:32 Scale Mail Armor
56:59 Hand Cart
56:58 Fortified Wall
62:42 Elite Skirmisher
66:13 Thumb Ring
66:25 Arson
66:46 Halberdier
67:32 Capped Ram
69:38 Husbandry
70:54 Chain Mail Armor
71:16 Iron Casting
73:03 Ming Guang Armor
74:54 Conscription
77:28 Siege Ram
Broken Viking
12:18 Loom
14:11 Feudal Age
15:09 Horse Collar
15:15 Double-Bit Axe
22:13 Wheelbarrow
21:28 Town Watch
24:06 Castle Age
23:21 Fishing Lines
24:12 Bloodlines
24:14 Forging
24:10 Scale Barding Armor
26:30 Iron Casting
27:33 Chain Barding Armor
29:41 Light Cavalry
31:47 Steppe Husbandry
37:12 Imperial Age
39:06 Blast Furnace
38:41 Plate Barding Armor
38:30 Conscription
38:41 Elite Steppe Lancer
38:43 Hussar
40:12 Hand Cart
40:50 Bow Saw
40:41 Heavy Plow
43:39 Ballistics
43:30 Masonry
43:16 Fletching
43:31 Scale Mail Armor
44:06 Pikeman
44:46 Squires
44:32 Arson
44:34 Halberdier
47:22 Chain Mail Armor
47:03 Bodkin Arrow
48:42 Chemistry
52:22 Cavalier
54:08 Paladin
58:57 Plate Mail Armor
72:58 Gold Mining
72:59 Stone Mining
Connection lost

Rejoining the realm…

Still unreachable

The connection could not be restored.

Session expired

The server has moved on; the page needs a fresh start.